[Event "44th Chess Olympiad Open 2022"]
[Site "Chennai"]
[Date "2022.07.29"]
[Round "1.15"]
[White "Cornette, Matthieu"]
[Black "Smith, Shreyas"]
[Result "1-0"]
[WhiteElo "2551"]
[BlackElo "2147"]
[Annotator "TA"]
[PlyCount "65"]
[EventDate "2022.??.??"]
[TimeControl "60"]

1. e4 c5 2. Nf3 Nc6 3. d4 cxd4 4. Nxd4 e5 5. Nb5 d6 6. c4 Be6 {[%emt 0:00:22] is more profitable than 6... Be7 at the
moment.} 7. Bd3 {[%emt 0:01:22] B32: Sicilian: Löwenthal and Kalashnikov
Variations.} a6 8. N5c3 g6 {[%emt 0:00:32] 
[#]} 9. Nd5 $146 {[%emt 0:03:03] White is slightly better.} ({Predecessor:} 9.
O-O Bg7 10. Nd5 Nf6 11. Nbc3 O-O 12. Be3 Nd7 13. Qd2 Nd4 14. f4 f5 15. fxe5
dxe5 {1-0 (121) Korchmar,V (2450)-Iljin,T (2335) Chess.com INT 2022}) 9... Bxd5 10. cxd5 Nd4 11. Be3 Bg7 12. O-O Nf6 13. Nd2 O-O 14.
a4 Nd7 15. a5 Nc5 {[%emt 0:03:16] Pair of Knights!} 16. Nc4 f5 17. Bxd4 (17. exf5 {with more complications.}
Nxd3 18. Qxd3 Nxf5 19. Nd2) 17... exd4 18. exf5 Nxd3 19. Qxd3 Rxf5 20.
Rae1 Qf8 (20... Qc7 $11) 21. Re6 $14 Rd8 22. Qb3 Rf7 23. f3 (23. g3 $16) 23... Bh6 $2 {[%emt 0:04:33] [#]} ({
Black should try} 23... Rc7 $11) 24. Qd3 (24. Rfe1 $142) 24...
Bg7 25. Rfe1 Rfd7 26. R1e4 {
[%emt 0:02:29] 0x0.001e3a2b4456dp-1022s more active pieces.} (26. Kf2 $142)
26... Qf5 $16 27. Re8+ Kf7 $2 {[%emt 0:04:47]
[#] A mistake that costs the game.} (27... Rxe8 $16 28. Rxe8+ Kf7) 28. Nxd6+ $1
{[%emt 0:01:47] White mates.} Rxd6 29. R4e7+ Kf6 30. Qxd4+ Kg5 31. h4+ Kh5 32. g4+ Kxh4 33. Qf2+ {[%emt 0:00:06] Weighted Error Value: White=0.14 (very precise) /
Black=0.48} (33. gxf5+ $2 {is the wrong capture.} Bxd4+ 34. Kg2 Rxe8 35. Rxe8
gxf5 $19) 1-0

[Event "44th Chess Olympiad Open 2022"]
[Site "Chennai"]
[Date "2022.07.29"]
[Round "1.15"]
[White "Maurizzi, Marc`Andria"]
[Black "Shaw, Jaden"]
[Result "1-0"]
[WhiteElo "2506"]
[BlackElo "1930"]
[Annotator "ChessBase"]
[PlyCount "79"]
[EventDate "2022.??.??"]
[TimeControl "60"]

1. d4 Nf6 2. Bg5 e6 3. Nd2 Be7 4. Ngf3 d5 5. e3 Nbd7 6. Bd3 O-O 7. O-O c5 8. c3 b6 9. a4 Bb7 10. a5 c4 11. a6 Bc6 12. Bc2 Qc7 13. e4 dxe4 14. Nxe4 Rfe8 15. Nxf6+ Bxf6 16. Bxf6 Nxf6 17. Ne5 Rab8 18.
Re1 b5 19. Re3 Red8 20. Rg3 Be4 21. Bxe4 Nxe4 22. Re3 f5 23. h4 Rb6 24. h5 Qd6 25. h6 g6 26. Qf3 Rf8 27. Qf4 g5 28.
Qf3 Rxa6 29. Rae1 Qe7 30. Qh5 Qe8 31. Qh2 Rf6 32. f3 Nd6 33.
d5 Nf7 34. Nxf7 Kxf7 35. Qh5+ Rg6 36. dxe6+ Kf6 37. Re5 Qe7 38. Rxf5+ Kxf5 39. Qg4+ Kf6 40. Qd4+ 1-0

[Event "44th Chess Olympiad Open 2022"]
[Site "Chennai"]
[Date "2022.07.29"]
[Round "1.15"]
[White "Christie, Joshua"]
[Black "Moussard, Jules"]
[Result "0-1"]
[WhiteElo "2272"]
[BlackElo "2672"]
[Annotator "TA"]
[PlyCount "108"]
[EventDate "2022.??.??"]
[TimeControl "60"]

1. d4 Nf6 2. c4 e6 3. g3 d5 4. Bg2 Bb4+ 5.
Bd2 a5 6. Nf3 O-O 7. O-O {[%emt 0:03:01] 7.Qc2 deserves study.} dxc4 {[%emt 0:01:04] E11:
Bogo-Indian.} 8. Qc2 Bxd2 9. Nbxd2 b5 $1 {[%emt 0:02:58] The position is equal.} 10. b3 cxb3 11. axb3 Bb7 12. Rfc1 c6 {[%emt 0:01:24] [#]} 13. Ne4 $146 ({
Predecessor:} 13. e4 h6 14. e5 Nd5 15. Ne4 Ra7 16. Nc5 Nd7 17. Nxb7 Rxb7 18.
Qxc6 Qb8 19. Nd2 Rc7 20. Qd6 Rxc1+ 21. Rxc1 Qxd6 22. exd6 a4 23. bxa4 bxa4 24.
Bxd5 {½-½ (24) Korley,K (2398)-Lee,M (2377) Charlotte 2022}) 13... Nxe4 14. Qxe4 Na6 15. h4 h6 16. Ne5 Nb4 17. Rc3 Qd6 18. g4 ({White should try} 18. e3 $11) 18... Nd5 $15 19. Rg3 f5 20. gxf5 exf5 21. Qf3 Rf6 {[%emt 0:00:21] Inhibits Rg6.} 22.
h5 c5 $36 {[%emt 0:05:29] Black is really pushing.} 23. Nc4 bxc4 24. bxc4 {[%emt 0:00:03] [#]} cxd4 25. cxd5 (25. Qb3 Rb8) 25... a4 {[%emt 0:01:
08] Prevents Qb3.} 26. Qa3 Bxd5 27. Qxd6 Rxd6 28. Rga3 Bxg2 29. Kxg2 $17 {[%emt 0:00:02] Endgame KRR-KRR} d3 30.
exd3 Rd4 31. Kf3 Kf7 32. Ke3 Rh4 {[%emt 0:00:04] Black is more
active.} 33. d4 Rh3+ (33... Rxh5 $17 {
Hoping for ...Rh3+.} 34. Rxa4 Re8+ 35. Kd3 Rh3+ 36. Kc4 Re7) 34. f3 $1 $15 Re8+ 35. Kf4 Rxh5 36. Rxa4 Rh4+ 37. Kg3 g5 38. Ra7+ Re7 39. d5 (39. Rxe7+ $11 {keeps the balance.} Kxe7 40. Ra6) 39... Rxa7
$17 40. Rxa7+ {[%emt 0:00:02] KR-KR} Kg6 (
40... Kf6 $17 {White must now prevent ...Rd4.} 41. Ra6+ Ke5) 41. Ra6+ $11 Kf7 42. Kf2 h5 {[%emt 0:00:
00] Threatens to win with ...Rh2+.} 43. Ke3 $2 {[%emt 0:00:00] Loses the game.}
(43. Ra7+ $11 Kf6 44. Ra6+ Ke5 45. Rg6) 43... Rh3 $19 {[#] And now ...g4 would
win.} 44. Ra7+ (44. Kd4 $142) 44... Kf6 45. Kd4 ({Reject} 45. d6 g4 46. Rh7 Rxf3+ 47. Kd2 Rf4 $19) 45... Rh4+ ({Stronger
than} 45... Rxf3 46. Ra6+ Kf7 47. Ra7+ Kf6 48. Ra6+ Kf7 49. Ke5 $19) 46. Kc5 $2 (46. Ke3) 46... Rh1 47. Rh7 Ke5 (47... g4 48.
fxg4 Rc1+ 49. Kd4 hxg4) 48. d6 $2 (48. Re7+ Kf4 49. d6) 48...
Rc1+ 49. Kb5 Kxd6 50. Rxh5 Rg1 51. f4 g4 {[%cal Yg5g4,Yg4g3,Yg3g2] ( -> ...g3)} 52. Kc4 g3 {Black mates.} 53. Rh6+ Ke7 54. Kd3 g2 {Weighted Error Value: White=0.74/ Black=0.18 (very precise)} 0-1

[Event "44th Chess Olympiad Open 2022"]
[Site "Chennai"]
[Date "2022.07.29"]
[Round "1.15"]
[White "Lorne, Ras Malaku"]
[Black "Lagarde, Maxime"]
[Result "1/2-1/2"]
[WhiteElo "2079"]
[BlackElo "2631"]
[Annotator "TA"]
[PlyCount "69"]
[EventDate "2022.??.??"]
[TimeControl "60"]

1. d4 e6 2. Nf3 c5 3. c3 Nf6 4. Bg5 h6 5. Bh4 b6 6. e3 Bb7 7. Nbd2 Be7 8. h3 O-O {[%emt 0:02:26] A46:1 d4 Nf6 2 Nf3
e6: Torre, London and Colle Systems.} 9. Bd3 d5 10. Ne5 Nfd7 11. Bxe7 Qxe7 12. Ndf3 {[%emt 0:00:34] [#]} Nxe5 $146 ({Predecessor:} 12... Rd8 13. Qe2 Nc6 14. Nxc6 Bxc6 15. e4 dxe4 16. Bxe4 Bxe4
17. Qxe4 cxd4 18. Nxd4 Nc5 {0-1 (39) Rutz,M (1900)-Eitel,P (2039) Goch 1997})
13. Nxe5 Nc6 14. O-O Nxe5 15. dxe5 f5 16. exf6 Rxf6 17. Qe2 e5 18. Ba6 Bxa6 19. Qxa6 Rd8 20. Rad1 Rg6 21. Rd2 Qg5 22. g3 d4 23. cxd4 cxd4 24.
Qd3 ({Don't play} 24. Qxa7 dxe3 25. Rxd8+ Qxd8 $15) 24... Rdd6 (24... Kh7 $11) 25. exd4 e4 26. Qc4+ Kh7 $1 27. Re2 Qh5 (27... Qf5 $1 $11 {remains equal.}) 28. Rxe4 $16 Qxh3 {[%emt 0:00:17][%cal Yg6g3] ( -> ...Rxg3+!)} 29. Qd3 ({Inferior is} 29. Re8 Rxg3+ $1 30. fxg3 Qxg3+ 31. Kh1 Qh4+ 32. Kg2 Rg6+ 33.
Kf3 Rg3+ 34. Ke2 Qh5+ 35. Kd2 (35. Kf2 $2 Rf3+ 36. Ke1 Qxe8+ 37. Kd1 Rxf1+ 38.
Qxf1 Qa4+ 39. Ke2 Qc4+ 40. Ke1 Qb4+ 41. Ke2 Qxd4 $19) 35... Qxe8 36. Qc2+ Qg6
37. Qxg6+ Kxg6 $17) 29... Rd5 {[%emt 0:02:29] [#] Hoping for ...Rh5.} 30. Re5 (30. Rfe1 $1 $16) 30... Rxd4 $1 $11 {[%emt 0:02:24] The
position is equal.} 31. Qxd4 Rxg3+ 32. fxg3 Qxg3+ 33. Kh1 {[%emt 0:00:09] White threatens
Rf2 and mate.} Qh3+ 34. Kg1 {[%emt 0:00:06] Threatening mate
with Qe4+.} Qg3+ 35. Kh1 {[%emt 0:00:05] Weighted Error Value:
White=0.13 (very precise) /Black=0.14 (very precise)} 1/2-1/2

[Event "44th Chess Olympiad Open 2022"]
[Site "Chennai"]
[Date "2022.07.29"]
[Round "1.16"]
[White "Sethuraman, S.P..."]
[Black "Rehan, Deng Cypriano"]
[Result "1-0"]
[WhiteElo "2623"]
[BlackElo "2105"]
[Annotator "TA"]
[PlyCount "147"]
[EventDate "2022.??.??"]
[TimeControl "60"]

1. d4 d5 2. Nf3 e6 3. c4 f5 4. Nc3 Be7 5. Bf4 Nf6 6. e3 O-O 7. h3 c6 8. Qc2 Ne4 {[%emt 0:
02:08] A84: Dutch Defence: 2 c4 Miscellaneous.} 9. Be2 Nd7 10. a3 $5 {[%emt 0:00:52] [#] Leaves trodden paths.} Rf7 $146 {
[%emt 0:04:33] White is slightly better.} ({Predecessor:} 10... Ndf6 11. Ne5
Bd7 12. O-O Be8 13. c5 Bh5 14. f3 Nxc3 15. Qxc3 h6 16. g4 fxg4 17. hxg4 {
0-1 (31) Vojtko,M (1996)-Galbavy,D (1902) Slovakia 2015}) 11. h4 h6 12. h5 a6 13. Rc1 Qa5 14. O-O Qd8 15. Rfd1 Rf8 16. Qb3 Kh8 17. g3 Bg5 (17... Qe8 $1
$11) 18. Kg2 Be7 19. Rh1 Bf6 20. Bd3 Re8 21. Ne2 Qe7 (21... dxc4
$14 {is more appropriate.} 22. Qxc4 (22. Rxc4 b5 $14) 22... e5) 22. Qc2 (22. Be5 $16) 22... Qf7 23. Bc7 ({Better is} 23. cxd5 $16 {Black must now prevent d6.} exd5 24. Bc7) 23...
Nf8 (23... Ndc5 $11 {keeps the balance.} 24. Be5 (24. dxc5
Qxc7 25. cxd5 cxd5 $11) 24... Nxd3 25. Qxd3 dxc4 26. Qxc4 (26. Rxc4 Bd7 $14)
26... b5) 24. Be5 $16 Nd7 (24... dxc4 $14 25.
Qxc4 (25. Bxc4 b5 $16) (25. Bxe4 fxe4 26. Nd2 Bxe5 $16) 25... b5) 25. Nf4 Nxe5 26. Nxe5 {[%emt 0:00:08] [#] Remove
Defender} Bxe5 27. Ng6+ Kg8 28. Nxe5 Qf6 29. Bxe4 dxe4 30. Qb3 Kh7 31. c5 Rd8 32. Rc4 Rd5 33.
Rb4 Qd8 34. Nc4 {[%emt 0:06:20] White is
more active.} Rb8 (34... b5 $16) 35. Nb6 $18 Qc7 36. Nxd5 exd5 37. Qd1 Be6 38. Rh4 Rf8 39. Kf1 Bc8 40. Ke1 Qe7 41. Kd2 Be6 42. Rb6 Bc8 43. Kc3 Rf6 44. Rh1 Rf7 45.
Qg1 Kg8 46. Qd1 $2 ({
White should try} 46. b4 $18) 46... Qg5 $2 (46... Kh7 $1 $11)
47. Rh4 Kh7 48. a4 Qe7 49. b4 Rf6 50. Qb3 Qd8 51. Kb2 Rf8 (51... Qc7 {is a
better defense.} 52. b5 axb5 53. axb5 Bd7) 52. b5 f4 53. Rxf4 Rxf4 54. exf4 axb5 55. axb5 {[%emt 0:00:00]
Endgame KQR-KQB} Qf6 56. Qe3 Qf7 57. bxc6 bxc6 58. Rxc6 Bg4 59. Rb6 Qxh5 60. c6 Qh1 61. Rb4 Be6 62. Qe2 Qh3 63. c7 Qf5 64. Qc2 {[%emt 0:00:00]
Threatens to win with Rb8.} Qf6 65. Qc3 {[%emt 0:00:00] Threatening mate with
Rb6.} Qf5 66. Rb6 {[%emt 0:00:00][%cal Yb6e6] White wants to mate with Rxe6!}
Bc8 67. Rd6 g5 68. Qc6 {[%emt 0:00:00][%csl Yd5,Yh6] White
threatens Rf6 and mate.} gxf4 69. Rxh6+ {[%emt 0:00:00] White mates.} Kg7 70.
gxf4 Bd7 71. Qd6 Bc8 72. Kc3 Bd7 {[#]} 73. Rf6 $3 Qh3+ (73... Qxf6 74. Qxd7+) 74. Kb4 {
[%emt 0:00:00] Weighted Error Value: White=0.17 (very precise) /Black=0.35} 1-0

[Event "44th Chess Olympiad Open 2022"]
[Site "Chennai"]
[Date "2022.07.29"]
[Round "1.16"]
[White "Karthikeyan, Murali"]
[Black "Gong Thon Gong"]
[Result "1-0"]
[WhiteElo "2613"]
[BlackElo "2176"]
[Annotator "ChessBase"]
[PlyCount "77"]
[EventDate "2022.??.??"]
[TimeControl "60"]

1. e4 c5 2. Nf3 d6 3. Bb5+ Bd7 4. Bxd7+ Qxd7 5. c4 Nf6 6. Nc3 Nc6 7. d4 cxd4 8. Nxd4 g6 9. f3 Bg7 10. Be3 O-O 11. O-O Nxd4 12. Bxd4 Qc6 13. b3 Nd7 14. Bxg7 Kxg7 15. Kh1 a6 16. Rc1 Nf6 17. Qe2 Rac8 18.
Rfe1 Qc5 19. f4 Qa5 20. e5 dxe5 21. fxe5 Ne8 22. Qb2 Nc7 23. e6 f6 24. Rcd1 Rcd8 25. Rd7 Rfe8 26. b4 Qb6 27. h3 Qc6 28. b5 Qxc4 29. Ne4 Kg8 30. bxa6 bxa6 31. Qb7 Nd5 32. Nd6 Qc3 33. Rd1 Ne3 34. Rxd8 Rxd8 35. Qxe7 Rf8 36. Rg1 Qc6 37. Nf7 Nf5 38. Qxf6 Qxe6 39. Nh6+ 1-0

[Event "44th Chess Olympiad Open 2022"]
[Site "Chennai"]
[Date "2022.07.29"]
[Round "1.16"]
[White "Peter Majur Manyang"]
[Black "Puranik, Abhimanyu"]
[Result "0-1"]
[WhiteElo "2095"]
[BlackElo "2612"]
[Annotator "TA"]
[PlyCount "96"]
[EventDate "2022.??.??"]
[TimeControl "60"]

1. e4 c5 2. Nc3 Nc6 3. g3 g6 4. Bg2 Bg7 5. Nge2 d6 6. O-O Nf6 7. d4 {[%emt 0:01:13] B24: Closed
Sicilian: 3 g3 sidelines.} cxd4 8. Nxd4 Bg4 9. Nxc6 {[%emt 0:04:52] The position is equal.} bxc6 10. Qd3 {[%emt 0:00:01][%cal Ye4e5] [#]} Qc7 $146 ({
Predecessor:} 10... Qc8 11. f4 O-O 12. Be3 Bh3 13. f5 Bxg2 14. Kxg2 Rb8 15. b3
Ng4 16. Bd4 Ne5 17. Bxe5 Bxe5 {0-1 (58) Ehs,D (2070)-Hebesberger,T (2244)
Playchess.com INT 2020}) 11. Be3 O-O 12. f4 Bc8 13. h3 {[%emt 0:02:02] Inhibits Ng4.} Rb8 14. Rab1 Qa5 {[%emt 0:10:31] And now ...Ba6
would win.} 15. Rfd1 Be6 16. b3 c5 17. Na4 c4 18. Qe2 Rfc8 19. g4 Bd7 20. e5 Ne8 21.
Nb2 cxb3 22. axb3 {[%emt 0:00:17] aiming for
Nc4.} Qc7 23. Nc4 Bb5 24. Qf2 {[%emt 0:05:04] Strongly threatening exd6.} Bxc4 25. bxc4 Rxb1 26. Rxb1 Qxc4 27. Rb7 Nc7 28. exd6 (28. Bxa7 dxe5 29. Qc5 Qxc5+ 30.
Bxc5 Ne6 31. Bxe7 exf4 $17) 28... exd6 {[%emt 0:00:03] Threatening ...Nd5.} 29.
Qd2 {[%emt 0:00:00] Inhibits Nd5.} ({Reject} 29. Rxa7 Nd5 30. Bxd5 Qxd5 $17)
29... a5 30. Qxd6 a4 31. Qd7 Qe6 32. Qxe6 Nxe6 33. Ra7 {[%emt 0:00:26] [#]} Nxf4 $1 34. Be4 (34. c4 Re8) 34... Ne2+ (34... Nxh3+ $2 35. Kh2 $18)
35. Kf2 Nc3 36. Bf3 (36. Kf3
$11 {keeps the balance.}) 36... Bf8 $17 {[%emt 0:00:30] Hoping for ...a3.} 37.
Ra6 ({White should play} 37. Bb7 Rc7 38. Bf4) 37... a3 38. Bd4 Nb5 39.
Bf6 Bg7 40. g5 (
{Not} 40. c4 $2 Nc7 41. Rxa3 Bxf6 $19) 40... h6 41. c4 Rxc4 42. Be2 Rc2 43. Ke1 $2 (43. Ke3 Nc7 44. Rxa3) 43... Bxf6 $19 {
[%emt 0:00:00] Black is clearly winning.} 44. gxf6 a2 45. Bd1 Rc1 46. Ra8+ Kh7 {[%emt 0:00:00] ( -> ...Nc3)} 47. Rxa2 {[%emt 0:00:00] [#]}
Rxd1+ $1 48. Kf2 Rd6 {[%emt 0:00:00]
Weighted Error Value: White=0.42/Black=0.15 (very precise)} 0-1

[Event "44th Chess Olympiad Open 2022"]
[Site "Chennai"]
[Date "2022.07.29"]
[Round "1.16"]
[White "Ajak Mach Duany"]
[Black "Gupta, Abhijeet"]
[Result "0-1"]
[WhiteElo "2029"]
[BlackElo "2627"]
[Annotator "TA"]
[PlyCount "101"]
[EventDate "2022.??.??"]
[TimeControl "60"]

1. e4 c5 2. Nc3 Nc6 3. Bb5 Nd4 4. Bc4 e6 5. Nge2 a6 6. a4 {[%emt 0:01:52] Inhibits b5. B23: Closed Sicilian: Lines
without g3.} Ne7 7. O-O d5 $5 {[%emt 0:11:04] Exploring less charted territory.} 8. exd5 {[%emt 0:
00:34] White is slightly better.} exd5 9. Nxd5 Nxd5 $17 10. Nxd4 cxd4 11.
Qh5 Be6 12. Re1 {[%emt 0:00:13][%csl Yd5,Ye6]
[#]} Be7 $1 {[%emt 0:00:41] aiming for ...Nf6.} 13. Rxe6 Nf4
$1 14. Rxe7+ Qxe7 15. Qf3 Ng6 {[%emt 0:00:00] [#] Strongly threatening ...
Ne5.} 16. Qa3 $146 ({Predecessor:} 16. b3 Ne5 17. Qd1 Nxc4 18.
bxc4 f6 19. Ba3 Qd7 20. d3 Kf7 21. Rb1 Rhe8 22. g3 Kg8 23. Qf3 Qc6 24. Qf4 Re2
{0-1 (24) Tay,J (2230)-Sharapov,E (2368) Chess.com INT 2017}) 16... Qxa3 17. Rxa3 O-O {[%emt 0:00:05] And now ...Rae8
would win.} 18. Ra1 (18. d3 $15) 18... b5 (
18... Rfe8 $142 19. Kf1 b5) 19. Bf1 ({Don't blunder} 19. axb5
$2 axb5 20. Ba2 (20. Rxa8 $2 Rxa8 21. Bd3 Ra1 $19) 20... Ra7 $19) 19... Rac8 20. c3 Rfe8 21. f3 Nf4 22. axb5 ({Better is} 22. Kf2 $1
$15) 22... axb5 23. Kf2 d3 (
23... Ra8 $17 24. Rb1 (24. Rxa8 $2 Rxa8 25. d3 dxc3 $19) 24... d3) 24. b3 {
[%emt 0:01:35] [#]} (24. g3 $15 Ne2 25. b4) 24... g5 {[%emt 0:05:12] 0x0.
0016804bca2bdp-1022s more active pieces.} (24... b4 $1 $17 25. c4 Ra8 26. Rxa8
Rxa8) 25. Bb2 {[%emt 0:01:45] [#]} (25. g3 $15 Ne2 26. Bb2) 25... Re2+ $1 26. Bxe2 dxe2 {[%emt 0:00:10] Endgame KRB-KRN}
27. g3 Nd3+ 28. Kxe2 Nxb2 {
[%emt 0:00:04] KRN-KR} 29. Ra5 (29. Ke3 $17 {was worth a try.}
) 29... Re8+ $19 30. Kf1 Nd3 31. Rxb5 Re1+ 32. Kg2 Re2+ 33. Kg1 f6 ({And not} 33...
Rxd2 34. Rxg5+ Kf8 35. Rh5 $17) 34. c4 Rxd2 35. Rd5 $2 {[%emt 0:03:02] [#]} (35. h4) 35... Ne5 $1 36. Rxd2 (36. Kf1 Nxf3) 36... Nxf3+ 37. Kg2 Nxd2 {[%emt 0:00:04] KN-KP} 38. c5 Kf7 39. b4 Ke6 40. Kf2 Kd5 41. Ke2 Nc4 {[%emt 0:30:18] ( -> ...Ne5)} 42.
h3 f5 {[%emt 0:00:10] Black mates.} 43. Kd3 Ne5+ 44. Kc3 h5 45. Kd2 Kc4 46. Ke3 Kxb4 47. c6 Nxc6 48. h4 f4+ 49. gxf4 g4 50. f5 Ne7 ({Inferior is} 50... g3 51. Kf3 $11) 51. Kd4 {
[%emt 0:00:00] Weighted Error Value: White=0.85/Black=0.11 (very precise)} 0-1

[Event "44th Chess Olympiad Open 2022"]
[Site "Chennai"]
[Date "2022.07.29"]
[Round "1.17"]
[White "Brkic, Ante"]
[Black "Abera, Aydagnuhem Gezachew"]
[Result "1-0"]
[WhiteElo "2611"]
[BlackElo "2137"]
[Annotator "TA"]
[PlyCount "47"]
[EventDate "2022.??.??"]
[TimeControl "60"]

1. e4 e5 2. Nf3 Nc6 3. Bb5 Nf6 4. O-O Nxe4 5. Re1 Nd6 6. a4 {[%emt 0:
00:00] C67: Ruy Lopez: Berlin Defence: 4 0-0 Nxe4.} Be7 7. Nc3
{[%emt 0:00:50] Inhibits e4.} O-O 8. d4 {[%emt 0:00:24] The
position is equal.} Nxd4 9. Nxd4 ({Don't play
} 9. Rxe5 Ne6 $15) 9... exd4 10. Nd5 Bf6 (10... Bh4 $5 ) 11. Bd3 {[%emt 0:22:47] [#] Qg4
is the strong threat.} c6 (11... Re8 $1 $14) 12. Qh5 $36 {
[%emt 0:12:09][%csl Gd3][%cal Rh5h7] Keeping Black busy.} g6 13. Nxf6+ Qxf6 14. Qh6 {[%emt 0:08:51] [#]
aiming for Bf4. White is much more active. The black rooks are badly placed.}
Nf5 $146 (14... Qg7 {is tougher.} 15. Qh4 h5) ({Predecessor:} 
14... Re8 15. Bf4 Re7 16. Kf1 b6 17. Rxe7 Qxe7 18. Re1 Qd8 19. Bxd6 Bb7 20. Re4
{1-0 (20) Osmanodja,F (2348)-Aghabekian,L (2188) Batumi 2018}) 15. Bxf5 {
[%emt 0:00:47] Pin. White is clearly winning.} d5 {[%emt 0:02:30] [#]} 16.
Qxf8+ $3 Kxf8 17. Bh6+ Qg7 18. Bxg7+ Kxg7 19. Bxc8 Rxc8 20. Re7 Rb8 21. Rd1 b5 22. a5 c5 23. Rxa7 Re8 24. Kf1 {
[%emt 0:00:39] Black got outplayed after the opening. Weighted Error Value:
White=0.01 (flawless) /Black=0.66} 1-0

[Event "44th Chess Olympiad Open 2022"]
[Site "Chennai"]
[Date "2022.07.29"]
[Round "1.17"]
[White "Bosiocic, Marin"]
[Black "Tsige, Addisalem Temesgen"]
[Result "1-0"]
[WhiteElo "2549"]
[BlackElo "2072"]
[Annotator "ChessBase"]
[PlyCount "75"]
[EventDate "2022.??.??"]
[TimeControl "60"]

1. e4 c5 2. Nf3 Nc6 3. Bb5 Nd4 4. Nxd4 cxd4 5. c3 Qb6 6.
Qa4 g6 7. cxd4 Bg7 8. d5 a6 9. Na3 Rb8 10. Be2 Qc7 11. Qc4 Qe5 12. d3 b5 13. Qc5 e6 14. f4 Qd4 15. Qxd4 Bxd4 16. Nc2 Bg7 17. d6 Bb7 18. a4 Rc8 19. Kd1 f5 20. e5 Bxg2 21. Rg1 Bd5 22. Nd4 b4 23.
Bf3 Bxf3+ 24. Nxf3 Nh6 25. Bd2 a5 26. Ke2 O-O 27. Rac1 Nf7 28.
d4 Bh6 29. h4 Bg7 30. Kd3 Nh6 31. Rxc8 Rxc8 32. Rc1 Rxc1 33. Bxc1 Ng4 34. Kc4 Nf2 35. Bd2 Ne4 36. Bxb4 axb4 37. a5 Bf8 38. a6 1-0

[Event "44th Chess Olympiad Open 2022"]
[Site "Chennai"]
[Date "2022.07.29"]
[Round "1.17"]
[White "Jimma, Desalegn Fekadu"]
[Black "Saric, Ivan"]
[Result "0-1"]
[WhiteElo "2112"]
[BlackElo "2680"]
[Annotator "TA"]
[PlyCount "65"]
[EventDate "2022.??.??"]
[TimeControl "60"]

1. d4 d6 2. c4 e5 3. Nc3 exd4 4. Qxd4 Nc6 5. Qd1 Nf6 6. Bg5 {[%emt 0:01:40] A21: English Opening: 1...e5 2 Nc3.} h6
{[%emt 0:01:25] [#]} 7. Bxf6 $146 ({Predecessor:} 7. Bh4 g5 8.
Bg3 Nh5 9. e3 Nxg3 10. hxg3 Bg7 11. Be2 Be6 12. Nf3 Bxc3+ 13. bxc3 Qf6 {
0-1 (21) Lazkano Gaite,T (1642)-Cifuentes Parada,R (2465) San Sebastian 2018})
7... Qxf6 8. e3 {[%emt 0:00:41] The position is equal.} Be6 9. Nf3 O-O-O 10.
Qb3 Ne5 11. Be2 Qg6 12. Nxe5 dxe5 13. Bf3 (13. O-O $1 $11) 13... c6 $15 {[%emt 0:00:04] Active counter
play!} 14. O-O f5 (14... Be7 {feels hotter.}
15. Rfd1 f5 16. Qa4 Kb8) 15. Qa4 (15. Rfd1 $15 Rxd1+ 16. Rxd1)
15... e4 $17 16. Be2 {[%emt 0:00:13] [#]} Kb8 17. Rfd1 Bd6 18. b4 Be5 19. Qc2 Qf6 20. Rxd8+ Rxd8 21. Rd1 Rxd1+ $40 {
[%emt 0:02:28] Black has strong attack.} 22. Nxd1 g5 23. g3 Bf7 24. f3 {
[%emt 0:03:28] Loses the game.} (24. a4 $17 {keeps fighting.}) 24... exf3 25. Bxf3 h5 26. Nf2 g4 27. Be2 h4 28.
Nh1 Bd6 {[%emt 0:02:22] This bishop pair is nice.} 29. c5 (29. Qd2 {is a better defense.}) 29... Bc7 $19 30. gxh4 (30. Bf1 $142) 30... Qxh4 31. Bf1 Qh6 32. Qf2 {[%emt 0:00:00] [#]} (32. Qd2)
32... f4 33. exf4 {[%emt 0:00:00] Weighted Error
Value: White=0.35/Black=0.10 (very precise)} 0-1

[Event "44th Chess Olympiad Open 2022"]
[Site "Chennai"]
[Date "2022.07.29"]
[Round "1.17"]
[White "Gole, Habtamu Ashenafi"]
[Black "Kozul, Zdenko"]
[Result "0-1"]
[WhiteElo "2044"]
[BlackElo "2602"]
[Annotator "TA"]
[PlyCount "92"]
[EventDate "2022.??.??"]
[TimeControl "60"]

1. e4 c5 2. Nf3 d6 3. d3 Nc6 4. g3 g6 5. Bg2 Bg7 6. O-O Nf6 7. c3 O-O 8. Re1 e5 9. Nbd2 {
[%emt 0:05:25] Recently 9.a4 got a lot of attention.} Re8 10.
h3 {[%emt 0:00:40] [#] A05: Réti Opening: 1 Nf3 Nf6.} d5 $146 ({Predecessor:} 10... Rb8 11. a3 b5 12. Nf1 a5 13. Bg5 h6 14. Bxf6 Bxf6 15. Ne3
Bg7 16. a4 b4 17. Nd2 Be6 18. Ndc4 Ne7 19. g4 Bf6 20. Nd5 Nxd5 21. exd5 Bc8 {
½-½ (21) Shalamberidze,A (2392)-Hakobyan,H (2220) Batumi 2017}) 11. Qc2 d4 12. c4 (12. a4 $11) 12...
Be6 13. a3 Nd7 14. Nf1 f6 {[%emt 0:01:04] Prevents Ng5.} 15. Rb1 Qb8 16. b4 (16. Nh4 $15) 16... cxb4 $19 17. axb4 b5 18. N1d2 (18. Bd2 $142) 18... Rc8 {[%emt 0:02:30] Strongly threatening .
..Bf8.} 19. c5 (19. Ba3 $142) 19... Bf8 20.
Nh4 a5 21. bxa5 Nxc5 22. f4 Bf7 23. Bf1 Rxa5 {[%emt 0:01:27] ...Ra2 is the strong threat.} 24. Qd1 exf4 25. Nc4 Ra7 ({
Inferior is} 25... fxg3 26. Nxa5 Nxa5 27. Qf3 $17) 26. Bxf4 Ne5 27. Bxe5 fxe5 28. Nf3 Bxc4 29. dxc4 b4 30. Rb2 Bh6 {[%emt 0:01:13] Black is
clearly winning.} 31. Nh4 b3 32. Qg4 Rc6 33. Nf5 Bf8 34. Nh4 Qb4 35. Reb1 Qc3 36. Rf2 Ra2 37. Qf3 Rxf2 {[%emt 0:01:34] Active counter play!} 38. Qxf2 Bh6 {[%emt 0:00:16] [#] aiming for ...Be3.} 39. Qf3 Ra6 40. Qg4 Bf8 41. Qg5 d3 {[%emt 0:38:14] White must now prevent ...d2.} 42. Nf3 Nxe4 43. Qxe5 Bc5+ 44. Kh1 Qxe5 45. Nxe5 Ra2 {[%emt 0:00:24][%cal Re4g3] [#]} 46. Bg2 Nf2+ {[%emt 0:
00:00] Black took control after the opening. Weighted Error Value: White=0.85/
Black=0.12 (very precise)} 0-1